 Dungeon Crawl Stone Soup version 0.27.1-2-g3b301248ec (webtiles) character file.

Game seed: 9943764744503402119

19915 Borgoz the Fighter (level 12, 0/72 HPs)
             Began as a Gargoyle Berserker on Sept 23, 2021.
             Was an Elder of Trog.
             Killed from afar by an ice statue (31 damage)
             ... with a shard of ice
             ... in an ice cave on Sept 24, 2021.
             The game lasted 00:21:29 (15133 turns).

Borgoz the Fighter (Gargoyle Berserker)            Turns: 15133, Time: 00:21:30

Health: 0/72       AC: 20    Str: 21      XL:     12   Next: 74%
Magic:  12/12      EV: 14    Int:  9 (11) God:    Trog [****..]
Gold:   1030       SH:  0    Dex: 10 (11) Spells: 11/11 levels left

rFire    . . .     SeeInvis .   y - +3 flail (freeze)
rCold    + . .     Faith    .   (no shield)
rNeg     + . .     Spirit   .   H - +0 leather armour {rC+}
rPois    ∞         Reflect  .   e - +1 helmet
rElec    +         Harm     .   p - +2 cloak {Stlth+}
rCorr    .         Rampage  .   B - +0 pair of gloves
Will     .....                  (no boots)
Stlth    ++........             (no amulet)
HPRegen  0.22/turn              (no ring)
MPRegen  0.13/turn              (no ring)

@: no status effects
A: sickness immunity, AC +8, negative energy resistance 1, electricity
resistance, torment resistance 1, petrification resistance, clever 1, clumsy 1,
deterioration 1, frail 1
a: Renounce Religion, Berserk, Trog's Hand, Brothers in Arms


You were in an ice cave.
You worshipped Trog.
Trog was greatly pleased with you.
You visited 2 branches of the dungeon, and saw 13 of its levels.
You also visited: Sewer, Ossuary and Ice Cave.

You collected 1030 gold pieces.

Inventory:

Hand Weapons
 v - a +0 dire flail
 y - a +3 flail of freezing (weapon)
 E - a +4 morningstar
Missiles
 w - a throwing net (quivered)
Armour
 e - a +1 helmet (worn)
 g - the +3 ring mail "Masuihaplo" {Str+2 Int+6}
   (You found it on level 4 of the Dungeon)

   Str:       It affects your strength (+2).
   Int:       It affects your intelligence (+6).
 p - a +2 cloak of stealth (worn)
 B - a +0 pair of gloves (worn)
 C - the +3 robe "Qaushatu" {+Blink Dex+5}
   (You found it on level 6 of the Dungeon)

   Dex:       It affects your dexterity (+5).
   +Blink:    It lets you blink.
 H - a +0 leather armour of cold resistance (worn)
 I - a +0 troll leather armour
Wands
 G - a wand of flame (11)
 L - a wand of iceblast (6)
 M - a wand of digging (3)
Scrolls
 a - 5 scrolls of teleportation
 b - 3 scrolls of fear {unknown}
 c - 8 scrolls of noise {unknown}
 f - 2 scrolls of enchant weapon {unknown}
 j - 2 scrolls of immolation {unknown}
 k - a scroll of acquirement {unknown}
 l - 2 scrolls of magic mapping
 m - 3 scrolls of silence {unknown}
 n - a scroll of blinking {unknown}
 s - a scroll of holy word
 x - a scroll of brand weapon
 D - a scroll of summoning
 F - a scroll of enchant armour
Potions
 d - a potion of attraction
 h - 4 potions of haste
 i - a potion of ambrosia
 q - a potion of might
 r - 5 potions of invisibility
 t - 3 potions of resistance
 u - 2 potions of heal wounds
 z - 9 potions of curing
 A - 3 potions of flight
 K - a potion of berserk rage


   Skills:
 + Level 11.4 Fighting
 * Level 11.1 Maces & Flails
 + Level 11.2 Armour
 * Level 9.2 Dodging


You had 11 spell levels left.
You didn't know any spells.
Your spell library was empty.

Dungeon Overview and Level Annotations

Branches:
Dungeon (12/15)            Temple (0/1) D:5            Lair (1/6) D:11
    Orc (0/2) D:12          Sewer (visited)         Ossuary (visited)
  IceCv (1/1)

Altars:
Cheibriados
Hepliaklqana
Kikubaaqudgha
Okawaru
Qazlal
Trog
Uskayaw
Wu Jian
Xom
Yredelemnul
Zin
The Shining One

Portals:
Gauntlet: Lair:1

Annotations:
IceCv exclusion: ice statue


Innate Abilities, Weirdness & Mutations

You are immune to sickness and miasma.
Your stone body is resilient. (AC +8)
You are immune to poison.
You resist negative energy. (rN+)
You are resistant to electric shocks. (rElec)
You are resistant to unholy torment.
You are immune to petrification.
Your mind is acute. (Int +2)
You are clumsy. (Dex -2)
Your body sometimes deteriorates upon taking damage.
You are frail. (-10% HP)


Message History

You feel the effects of Trog's Hand fading.
You feel yourself speed up.
Your skin stops crawling.
You feel less strong-willed.
Really walk into a travel-excluded area?
You sock the ice statue!
The ice statue is lightly damaged.
The ice statue gestures at you. The shard of ice hits you!
You partially resist.
You sock the ice statue!
The ice statue is moderately damaged.
You hit the ice statue.
The ice statue is moderately damaged.
You sock the ice statue!
The ice statue is heavily damaged.
You thump the ice statue!
The ice statue is severely damaged.
You hit the ice statue but do no damage.
The ice statue is severely damaged.
You hit the ice statue but do no damage.
The ice statue is severely damaged.
You hit the ice statue.
The ice statue is severely damaged.
The ice statue gestures at you. The shard of ice misses you.
You hit the ice statue but do no damage.
The ice statue is severely damaged.
You recover from your berserk rage.
The ice statue gestures at you. The shard of ice hits you!!
You partially resist.
You hit the ice statue but do no damage.
The ice statue is severely damaged.
The ice statue gestures at you. The bolt of cold hits you! You resist.
You hit the ice statue.
The ice statue is severely damaged.
You sock the ice statue!
The ice statue is almost destroyed.
The ice statue gestures at you. The shard of ice hits you!!
You partially resist.
You die...

##.....## ##...##
#...## ##...#
##...# #...##
####...####
##8#.....#?##
#..@........#
#.............#
#.............#
#...............#
#...............#
#.......⌠.......#
#...............#
#...............#


You could see an ice statue.

Vanquished Creatures
  2 hydras
  3 two-headed ogres
  3 cyclopes (D:12)
  2 manticores
  An ice statue (IceCv)
  3 cane toads
  2 rime drakes (Lair:1)
  2 komodo dragons (D:11)
  A tengu conjurer (D:12)
  An ice devil (IceCv)
  A troll (shapeshifter) (D:12)
  2 trolls
  2 hornets
  4 blink frogs
  A meliai zombie (D:11)
  A centaur simulacrum (D:12)
  3 wraiths
  24 yaks
  An acid dragon (D:12)
  Duvessa (D:5)
  A water moccasin (D:6)
  6 orc warriors
  A sky beast (D:6)
  An ice beast (D:7)
  3 black bears
  2 necrophages
  2 ogres (D:5)
  6 wolves (Lair:1)
  2 centaurs (D:7)
  A phantom (D:3)
  9 kobold brigands
  5 bullfrogs
  A cane toad simulacrum (IceCv)
  2 water moccasin zombies
  A two-headed ogre simulacrum (IceCv)
  A wyvern skeleton (D:7)
  4 scorpions
  Dowan (D:5)
  A water moccasin skeleton (D:5)
  7 wights
  10 killer bees
  2 howler monkeys
  3 centaur zombies
  3 hounds
  A bullfrog zombie (D:6)
  A gnoll shaman (D:7)
  2 orc priests
  A jelly (D:7)
  An iguana (D:7)
  11 orc wizards
  A wolf simulacrum (IceCv)
  A killer bee zombie (D:9)
  A hound zombie (D:5)
  A howler monkey zombie (D:9)
  A mummy (Ossuary)
  3 gnolls (D:5)
  A howler monkey skeleton (D:4)
  5 adders
  A shadow imp (D:8)
  A white imp (D:6)
  An ufetubus (IceCv)
  2 adder skeletons (D:4)
  A worm (D:3)
  5 dart slugs
  18 orcs
  4 endoplasms
  6 giant cockroaches
  5 goblins
  10 hobgoblins
  4 jackals (D:1)
  42 kobolds
  4 quokkas
  9 ball pythons
  4 bats
  7 frilled lizards
  7 gnoll skeletons (Ossuary)
  3 kobold skeletons (Ossuary)
  15 orc skeletons (Ossuary)
  11 rats
326 creatures vanquished.

Vanquished Creatures (others)
  7 fungi (D:11)
  16 plants
23 creatures vanquished.

Grand Total: 349 creatures vanquished

Notes
Turn   | Place    | Note
-------+----------+-------------------------------------------
     0 | D:1      | Borgoz the Gargoyle Berserker began the quest for the Orb.
     0 | D:1      | Reached XP level 1. HP: 14/14 MP: 1/1
   505 | D:1      | Reached XP level 2. HP: 19/19 MP: 2/2
  1083 | D:1      | Found a faded altar of an unknown god.
  1142 | D:1      | Reached XP level 3. HP: 19/23 MP: 3/3
  1316 | D:1      | You fall into a shaft and drop 1 floor!
  1575 | D:2      | Reached ** piety under Trog
  2329 | D:2      | Reached XP level 4. HP: 29/29 MP: 4/4
  3168 | D:3      | Noticed a phantom
  3183 | D:3      | Killed a phantom
  3184 | D:3      | Reached XP level 5. HP: 14/33 MP: 5/5
  4041 | D:4      | Found a glowing drain.
  4050 | Sewer    | Entered a sewer
  4075 | Sewer    | Noticed a kobold brigand
  4100 | Sewer    | HP: 1/34 [kobold brigand (7)]
  4101 | Sewer    | Gained mutation: Your large and strong wings let you fly.
                  | [potion of mutation]
  4101 | Sewer    | Gained mutation: You are frail. (-10% HP) [potion of
                  | mutation]
  4101 | Sewer    | Gained mutation: You are strong-willed. (Will+) [potion of
                  | mutation]
  4101 | Sewer    | Gained mutation: Your mind is acute. (Int +2) [potion of
                  | mutation]
  4112 | Sewer    | Killed a kobold brigand
  4113 | Sewer    | Reached XP level 6. HP: 22/35 MP: 6/6
  4280 | Sewer    | Reached *** piety under Trog
  4494 | Sewer    | Lost mutation: Your large and strong wings let you fly.
                  | [potion of mutation]
  4494 | Sewer    | Lost mutation: You are strong-willed. (Will+) [potion of
                  | mutation]
  4494 | Sewer    | Gained mutation: You are clumsy. (Dex -2) [potion of
                  | mutation]
  4494 | Sewer    | Gained mutation: Your body sometimes deteriorates upon
                  | taking damage. [potion of mutation]
  4780 | D:4      | Identified the +3 ring mail "Masuihaplo" {Str+2 Int+6}
  4979 | D:4      | Reached XP level 7. HP: 39/39 MP: 7/7
  5214 | D:4      | Reached skill level 5 in Fighting
  5248 | D:5      | Entered Level 5 of the Dungeon
  5248 | D:5      | Noticed a hornet
  5257 | D:5      | Killed a hornet
  5258 | D:5      | Reached skill level 5 in Maces & Flails
  5264 | D:5      | Reached skill level 5 in Armour
  5474 | D:5      | Found a staircase to the Ecumenical Temple.
  5668 | D:5      | Reached XP level 8. HP: 45/45 MP: 8/8
  5676 | D:5      | Found a sand-covered staircase.
  5699 | Ossuary  | Entered an ossuary
  5699 | Ossuary  | Noticed a wraith
  5699 | Ossuary  | Noticed a wraith
  5699 | Ossuary  | Noticed a wraith
  5747 | Ossuary  | Reached **** piety under Trog
  5813 | Ossuary  | Noticed a wraith
  5834 | Ossuary  | Killed a wraith
  6246 | D:5      | Found a stormy altar of Qazlal.
  6247 | D:5      | Found a hide-covered altar of Uskayaw.
  6285 | D:5      | Found an iron altar of Okawaru.
  6287 | D:5      | Found a shimmering altar of Xom.
  6287 | D:5      | Found a sacrificial altar of Ru.
  6289 | D:5      | Found a bloodstained altar of Trog.
  6289 | D:5      | Found a shimmering altar of Xom.
  6289 | D:5      | Found a hazy altar of Hepliaklqana.
  6526 | D:5      | Noticed Dowan
  6527 | D:5      | Noticed Duvessa
  6543 | D:5      | Killed Duvessa
  6555 | D:5      | Killed Dowan
  6873 | D:6      | Reached XP level 9. HP: 50/50 MP: 9/9
  7097 | D:6      | Reached skill level 5 in Dodging
  7423 | D:6      | Identified the +3 robe "Qaushatu" {+Blink Dex+5}
  7454 | D:6      | Found an ancient bone altar of Kikubaaqudgha.
  7918 | D:7      | Found a snail-covered altar of Cheibriados.
  8132 | D:7      | Found a bloodstained altar of Trog.
  8595 | D:7      | Reached XP level 10. HP: 50/57 MP: 10/10
  8969 | D:8      | Reached ***** piety under Trog
  9606 | D:8      | Found a glowing silver altar of Zin.
 10872 | D:10     | Entered Level 10 of the Dungeon
 10967 | D:10     | Noticed a two-headed ogre
 10973 | D:10     | Killed a two-headed ogre
 11023 | D:10     | Found an ornate altar of the Wu Jian Council.
 11049 | D:10     | Reached XP level 11. HP: 57/63 MP: 11/11
 11088 | D:10     | Found a basalt altar of Yredelemnul.
 11092 | D:10     | Noticed a two-headed ogre
 11103 | D:10     | Killed a two-headed ogre
 11312 | D:10     | Found a glowing golden altar of the Shining One.
 11314 | D:10     | Noticed an angel
 11656 | D:10     | Received a gift from Trog
 12069 | D:11     | Reached skill level 10 in Fighting
 12279 | D:11     | Noticed a two-headed ogre
 12285 | D:11     | Killed a two-headed ogre
 12286 | D:11     | Reached skill level 10 in Armour
 12307 | D:11     | Noticed a seven-headed hydra
 12644 | D:11     | Found a staircase to the Lair.
 12736 | D:11     | Noticed a manticore
 12742 | D:11     | Killed a manticore
 12906 | D:11     | Killed a seven-headed hydra
 13213 | D:12     | Noticed a cyclops
 13213 | D:12     | Found a staircase to the Orcish Mines.
 13374 | D:12     | Noticed a manticore
 13392 | D:12     | Killed a manticore
 13664 | D:12     | Killed a cyclops
 13665 | D:12     | Reached skill level 10 in Maces & Flails
 13854 | D:12     | Noticed a cyclops
 13869 | D:12     | Killed a cyclops
 13870 | D:12     | Reached XP level 12. HP: 52/71 MP: 12/12
 14558 | Lair:1   | Entered Level 1 of the Lair of Beasts
 14767 | Lair:1   | Found a gate leading to a gauntlet.
 14898 | Lair:1   | Noticed a seven-headed hydra
 14908 | Lair:1   | Killed a seven-headed hydra
 14949 | Lair:1   | Found a frozen archway.
 14962 | IceCv    | Entered an ice cave
 15052 | IceCv    | HP: 2/72 [ice beast[an ice statue] (3)]
 15133 | IceCv    | Killed from afar by an ice statue

Illustrated notes

Levels and vault maps discovered:
D:1:      shiori_shiawase, layout_loops_corners, basic_ecumenical_altar,
          st_stairs_12
D:2:      layout_basic
D:3:      layout_basic
D:4:      layout_gridville, gup_sewer_entry_bowl
D:5:      layout_loops_corners, doesnt_xom_only_xom, jmf_multi_god_temple,
          minmay_temple_entry_mini_moons, nicolae_ossuary_entry_plus,
          uniq_duvessa
D:6:      layout_loops_ring, lemuel_zombie_altar_kikubaaqudgha
D:7:      layout_gridville, trog_ov_bears_minmay, mainiacjoe_overflow_brackets,
          kennysheep_small_square
D:8:      layout_basic, zin_scriptorium
D:9:      layout_loops_corners, serial_bayou_crossing
D:10:     layout_loops_ring, grunt_temple_overflow_holy_war,
          nzn_wu_jian_contemplation
D:11:     layout_basic, grunt_lair_entry_orc_guard_hut, nrook_mini_vaults
D:12:     minmay_curly_fans, layout_loops_cross, orc_0_dummy
Lair:1:   beast_lair_carwin_large_1, layout_hall_layers, gauntlet_entry_generic,
          portal_ice_cave_rime, serial_bayou_pond_d
IceCv:    ice_cave_tombish

Skill      XL: |  1  2  3  4  5  6  7  8  9 10 11 12 |
---------------+-------------------------------------+-----
Dodging        | 2 3 4 5 7 8 9 |  9.2
Armour         | 3 4 5 6 7 9 10 11 | 11.2
Fighting       | 4 5 6 8 9 10 11 | 11.4
Maces & Flails | 4 5 6 7 8 10 11 | 11.1

Action                   |  1- 3 |  4- 6 |  7- 9 | 10-12 || total
-------------------------+-------+-------+-------+-------++-------
Melee: Mace              |   134 |   228 |   324 |       ||   686
       Flail             |       |       |   120 |   442 ||   562
       Morningstar       |       |       |       |   184 ||   184
Invok: Berserk           |     2 |     3 |     9 |    11 ||    25
       Trog's Hand       |       |     1 |     2 |    11 ||    14
Evoke: Wand              |       |       |     1 |    14 ||    15
  Use: Potion            |       |     3 |       |     4 ||     7
       Scroll            |       |     4 |     4 |    12 ||    20
 Stab: Sleeping          |       |     4 |     1 |     1 ||     6
       Invisible         |       |       |       |     2 ||     2
Armor: Animal skin       |    59 |    85 |       |       ||   144
       Ring mail         |       |    21 |   316 |   414 ||   751
       Leather armour    |       |       |       |    34 ||    34
Dodge: Dodged            |   110 |   163 |   272 |   497 ||  1042
